Map: King's Cove LE

Players

Mez - Winner!

  • Race: Terran Terran
  • League: Master
  • Spawn Location: 5:00

Northstar

  • Race: Terran Terran
  • League: Master
  • Spawn Location: 11:00

VOD

Have the link to the VOD?

Description

Time

  • Played on: July 28, 2019, 12:43 a.m.
  • Length: 8:32
Show
View Real Time Build Order
Export as new Build Order

Mez Terran - Winner!

Build Orders: Reaper Expand 

Get SALT Encoding   

  12  0:01  SCV  
  13  0:13  SCV  
  14  0:18  Supply Depot  
  14  0:25  SCV  
  15  0:40  SCV, Barracks  
  16  0:47  Refinery  
  16  0:52  SCV  
  17  1:04  SCV  
  18  1:17  SCV  
  19  1:29  Orbital Command  
  19  1:31  Reaper  
  20  1:44  Command Center  
  20  1:54  Barracks  
  20  1:58  SCV  
  21  2:04  Barracks Reactor  
  21  2:11  Barracks  
  21  2:14  SCV  
  22  2:21  Supply Depot  
  22  2:26  SCV  
  22  2:39  SCV  
  22  2:43  Engineering Bay, Marine x2, Barracks Tech Lab  
  25  2:53  SCV  
  25  2:55  Orbital Command  
  25  2:58  Marine  
  26  3:01  Marine  
  26  3:03  Marine  
  29  3:07  Combat Shield  
  29  3:12  SCV  
  30  3:15  Terran Infantry Weapons Level 1  
  29  3:21  Marine x2  
  27  3:37  SCV  
  26  3:42  Marine x3  
  26  3:43  Marine  
  26  3:44  SCV  
  31  3:49  SCV  
  32  4:00  Marine x3  
  32  4:02  SCV x2  
  37  4:05  Marine  
  38  4:14  SCV x2  
  40  4:19  Supply Depot  
  40  4:20  Marine x2  
  42  4:26  SCV x2  
  44  4:32  Barracks Reactor, Stimpack  
  44  4:38  SCV x2  
  46  4:44  Marine x3  
  49  4:48  Refinery  
  49  4:50  Factory, SCV x2  
  51  5:01  Refinery  
  51  5:02  SCV x2  
  51  5:04  Marine  
  54  5:16  Supply Depot  
  54  5:17  Supply Depot  
  54  5:26  Marine x2  
  54  5:28  Marine x2  
  54  5:36  Factory Reactor  
  54  5:37  Marine, Starport  
  54  5:38  SCV x2  
  54  5:39  Terran Infantry Armor Level 1  
  57  5:43  Supply Depot  
  57  5:44  Marine x2  
  59  5:50  SCV x2  
  61  6:02  SCV x2  
  63  6:06  Command Center  
  63  6:10  Marine x5  
  68  6:14  SCV x2  
  70  6:23  Medivac x2  
  74  6:28  Marine x2  
  74  6:30  Supply Depot  
  74  6:31  Barracks  
  74  6:32  Barracks  
  76  6:33  Marine  
  76  6:34  Marine  
  78  6:43  Supply Depot  
  78  6:48  Armory  
  78  6:49  Engineering Bay  
  78  6:52  SCV x2, Marine  
  81  6:55  Supply Depot  
  81  6:58  Medivac  
  83  7:04  Medivac  
  83  7:05  SCV x2  
  87  7:09  Supply Depot  
  87  7:12  Marine x4  
  91  7:17  SCV x2  
  91  7:19  Orbital Command  
  93  7:24  Supply Depot  
  93  7:39  Barracks Tech Lab  
  93  7:40  Barracks Tech Lab  
  93  7:41  Marine x4  
  93  7:42  Marauder  
  99  7:46  Refinery  
  99  7:51  SCV x3  
  102  8:03  SCV x2  
Show
View Real Time Build Order
Export as new Build Order

Northstar Terran 

Build Orders: Mech 

Get SALT Encoding   

  12  0:02  SCV  
  13  0:14  SCV  
  13  0:18  Supply Depot  
  14  0:27  SCV  
  15  0:30  Refinery  
  15  0:40  SCV  
  16  0:48  Barracks  
  16  0:52  SCV  
  17  0:58  Refinery  
  17  1:04  SCV  
  18  1:16  SCV  
  19  1:28  SCV  
  20  1:37  Factory, Reaper  
  21  1:44  Orbital Command  
  21  1:53  Supply Depot  
  21  2:10  Reaper  
  21  2:12  SCV  
  23  2:21  Hellion  
  25  2:36  Command Center  
  25  2:38  SCV  
  25  2:42  Supply Depot  
  26  2:44  Reaper  
  27  2:53  Starport  
  27  2:56  SCV  
  28  3:06  Hellion  
  28  3:08  SCV  
  31  3:30  SCV  
  30  3:40  Factory Tech Lab  
  30  3:42  SCV  
  31  3:48  Starport Tech Lab  
  31  3:50  Refinery, Orbital Command  
  31  3:54  SCV  
  31  4:03  Siege Tank  
  31  4:06  SCV  
  31  4:09  Raven  
  37  4:18  SCV x2  
  39  4:30  SCV  
  40  4:31  SCV  
  40  4:32  Command Center  
  41  4:38  Siege Tank  
  41  4:42  SCV  
  41  4:44  SCV  
  46  4:52  Raven  
  48  4:57  SCV  
  47  5:03  SCV, Supply Depot  
  47  5:05  Supply Depot  
  47  5:06  Supply Depot  
  48  5:10  SCV  
  48  5:11  Hellion  
  51  5:15  Factory, SCV  
  51  5:16  Factory  
  52  5:22  SCV  
  52  5:27  SCV  
  54  5:34  SCV  
  54  5:35  Siege Tank  
  58  5:36  Refinery  
  58  5:39  SCV  
  59  5:46  SCV  
  59  5:47  Starport Reactor  
  60  5:51  SCV  
  60  5:55  Orbital Command  
  61  5:58  SCV  
  61  6:00  Armory, Factory Tech Lab  
  61  6:01  Engineering Bay  
  61  6:04  SCV  
  63  6:08  Siege Tank  
  63  6:09  Factory Tech Lab  
  62  6:14  Factory Reactor  
  62  6:17  SCV x2  
  64  6:21  SCV  
  65  6:28  Siege Tank  
  65  6:29  SCV  
  65  6:30  SCV  
  70  6:33  SCV  
  70  6:38  Orbital Command  
  70  6:39  Viking x2  
  75  6:48  Siege Tank  
  75  6:52  Widow Mine x2  
  82  6:55  SCV x2  
  84  7:08  Factory  
  84  7:10  Command Center  
  84  7:11  Viking, Factory  
  84  7:13  Viking  
  88  7:19  SCV  
  88  7:20  SCV x2  
  91  7:29  Refinery  
  91  7:30  Refinery  
  91  7:31  SCV  
  91  7:32  SCV  
  93  7:39  Supply Depot x3  
  93  7:40  Supply Depot  
  94  7:44  SCV  
  94  7:46  Hellion x2  
  94  7:47  Viking  
  100  7:54  Viking, Siege Tank x2  
  100  7:56  Factory Tech Lab  
  100  7:57  Factory Reactor  
  108  8:00  SCV  
  108  8:01  SCV x2  
Tags
 
Composition
Mech
Matchup
TvT
Race
Terran
Spawn Locations
Cross Positions
Add a new tag
Caveats
  • Supply blocks, unpowered buildings, or Contaminate may cause inaccurate times.
  • Supply counts are checked every 10 seconds.